 Dungeon Crawl Stone Soup version 0.22-a0-392-g5dc3fd9 (webtiles) character file.

5267 Leszczynek the Zephyrmancer (level 10, 9/65 HPs)
             Began as a Halfling Air Elementalist on May 2, 2018.
             Was a Priest of Vehumet.
             Quit the game on level 1 of the Lair of Beasts.
             The game lasted 01:05:09 (9148 turns).

Leszczynek the Zephyrmancer (HaAE)                  Turns: 9148, Time: 01:05:10

Health: 9/65       AC:  9    Str:  9    XL:     10   Next: 93%
Magic:  0/17       EV: 16    Int: 16    God:    Vehumet [***...]
Gold:   504        SH:  4    Dex: 16    Spells: 6/19 levels left

rFire    . . .     SeeInvis .   a - +5 flail of Truncation {speed, rElec}
rCold    + . .     Gourm    .   (shield restricted)
rNeg     + . .     Faith    .   z - +1 robe {rN+}
rPois    .         Spirit   .   (no helmet)
rElec    +         Reflect  +   (no cloak)
rCorr    .         Harm     .   r - +2 pair of gloves
MR       .....                  h - +2 pair of boots
Stlth    ++........             v - +4 amulet of reflection
HPRegen  0.20/turn              D - ring of protection from cold
MPRegen  0.15/turn              C - ring of wizardry

@: seriously poisoned (9 -> 1)
A: small, mutation resistance 1
a: Renounce Religion


You were on level 1 of the Lair of Beasts.
You worshipped Vehumet.
Vehumet was most pleased with you.
You were hungry.

You visited 3 branches of the dungeon, and saw 13 of its levels.

You collected 504 gold pieces.

Inventory:

Hand Weapons
 a - the +5 flail of Truncation (weapon) {speed, rElec}
   (You found it on level 7 of the Dungeon)

   Attacks with this weapon are significantly faster.
   It insulates you from electricity.
 c - a +0 dagger
 w - a +0 quarterstaff
 x - a +0 spear
Missiles
 t - 2 throwing nets (quivered)
Armour
 h - a +2 pair of boots (worn)
 r - a +2 pair of gloves (worn)
 z - a +1 robe of positive energy (worn)
Jewellery
 m - an uncursed ring of protection from fire
 v - a +4 amulet of reflection (around neck)
 C - a ring of wizardry (right hand)
 D - a ring of protection from cold (left hand)
Wands
 n - a wand of polymorph (3)
 y - a wand of flame (54)
Scrolls
 b - a scroll of magic mapping
 f - 7 scrolls of teleportation
 j - a scroll of amnesia
 l - 2 scrolls of remove curse {@r2}
 o - 2 scrolls of immolation {!r}
 p - a scroll of enchant armour
 q - a scroll of vulnerability {unknown}
 s - a scroll of fear {unknown}
 B - 2 scrolls of enchant weapon
 E - a scroll of fog
Potions
 e - 3 potions of cancellation
 g - a potion of might {unknown}
 i - a potion of degeneration {unknown}
 k - 3 potions of curing {@q1}
 A - 2 potions of mutation {unknown}
Comestibles
 d - 16 rations


   Skills:
 + Level 4.8 Fighting
 + Level 3.6 Dodging
 - Level 2.1 Stealth
 - Level 5.1 Spellcasting
 * Level 7.0 Conjurations
 * Level 10.0 Air Magic


You had 6 spell levels left.
You knew the following spells:

 Your Spells              Type           Power        Failure   Level  Hunger
a - Shock                 Conj/Air       ####         1%          1    None
b - Static Discharge      Conj/Air       ####....     1%          3    ###....
c - Airstrike             Air            #####.....   1%          4    ####...
d - Lightning Bolt        Conj/Air       ####......   1%          5    ######.


Dungeon Overview and Level Annotations

Branches:
Dungeon (11/15)            Temple (1/1) D:5            Lair (1/6) D:9
    Orc (0/2) D:10

Altars:
Ashenzari
Cheibriados
Dithmenos
Fedhas
Hepliaklqana
Kikubaaqudgha
Nemelex Xobeh
Qazlal
Ru
Trog
Uskayaw
Vehumet
Wu Jian

Annotations:
D:2 Natasha
D:4 CasualChangeling's ghost, amateur KoHu


Innate Abilities, Weirdness & Mutations

You are small and have problems with some larger weapons.
You are somewhat resistant to further mutation.


Message History

The spiny frog is almost dead.
The lightning grounds out.
The spiny frog stings you!
Unknown command.
You barely miss the spiny frog.
The spiny frog is almost dead.
The spiny frog misses you.
You barely miss the spiny frog.
The spiny frog is almost dead.
The spiny frog stings you.
You hit the spiny frog.
The spiny frog is almost dead.
The spiny frog misses you. The spiny frog stings you!
* * * LOW HITPOINT WARNING * * *
You closely miss the spiny frog.
The spiny frog is almost dead.
The spiny frog stings you.
* * * LOW HITPOINT WARNING * * *
You are poisoned.
The spiny frog poisons you!
Are you sure you want to abandon this character and quit the game? (Confirm with "yes".)

#...# #...# ###
#...#
###..####...#######
...................
...................
...................
...................
######.##.F@.######
## #....# #...##
#...# #...# #...#
#...# #...# #...#


You could see a spiny frog.

Vanquished Creatures
  A two-headed ogre (D:10)
  A polar bear (D:10)
  Sigmund (D:7)
  A hungry ghost (D:7)
  A steam dragon (D:7)
  2 hell hounds (D:9)
  2 porcupines
  2 orc warriors
  3 ice beasts
  A sky beast (D:8)
  5 ogres
  A big kobold (D:9)
  3 bullfrogs
  A wyvern zombie (D:9)
  2 scorpions
  6 killer bees
  13 wights
  5 crimson imps
  A bullfrog zombie (D:6)
  3 howler monkeys
  5 orc priests
  4 hounds
  A bullfrog skeleton (D:10)
  A jelly (D:10)
  6 orc wizards
  Natasha (D:2)
  Terence (D:3)
  2 iguanas (D:6)
  6 worker ants
  A killer bee zombie (D:8)
  6 gnolls
  10 adders
  5 shadow imps
  A worm (D:3)
  4 dart slugs
  5 leopard geckos
  41 orcs
  A ball python (D:5)
  2 bats (D:1)
  3 giant cockroaches
  2 hobgoblins
  9 jackals
  4 quokkas
  12 frilled lizards
  5 goblins
  10 kobolds
  6 rats
209 creatures vanquished.

Notes
Turn   | Place    | Note
-------+----------+-------------------------------------------
     0 | D:1      | Leszczynek the Halfling Air Elementalist began the quest for the Orb.
     0 | D:1      | Reached XP level 1. HP: 11/11 MP: 3/3
    49 | D:1      | Reached skill level 1 in Conjurations
   130 | D:1      | Reached XP level 2. HP: 13/17 MP: 0/4
   476 | D:1      | Reached XP level 3. HP: 17/21 MP: 0/5
   481 | D:1      | Learned a level 3 spell: Static Discharge
   648 | D:2      | Noticed Natasha
   664 | D:2      | XD
   664 | D:2      | natasha or adder+gnolls
   664 | D:2      | lol
   666 | D:1      | well nevermind, everything's awake now anyway
   701 | D:2      | HP: 3/21 [Natasha/magic dart (6)]
   709 | D:2      | Killed Natasha
   709 | D:2      | Reached skill level 2 in Conjurations
   709 | D:2      | Reached XP level 4. HP: 5/27 MP: 0/6
  1066 | D:2      | Reached skill level 4 in Air Magic
  1146 | D:2      | HP: 5/27 [poisoned by an adder]
  1400 | D:2      | Reached XP level 5. HP: 20/31 MP: 0/7
  1526 | D:2      | Noticed Natasha
  1923 | D:3      | Noticed Terence
  1982 | D:3      | Killed Terence
  1982 | D:3      | Reached skill level 2 in Spellcasting
  2325 | D:3      | Reached XP level 6. HP: 18/36 MP: 3/9
  2371 | D:4      | Reached skill level 3 in Conjurations
  2544 | D:4      | Learned a level 4 spell: Airstrike
  2564 | D:4      | Reached skill level 5 in Air Magic
  2607 | D:4      | Noticed CasualChangeling's ghost (amateur KoHu)
  3136 | D:4      | Reached XP level 7. HP: 40/41 MP: 2/10
  3222 | D:5      | Entered Level 5 of the Dungeon
  3244 | D:4      | XD
  3244 | D:4      | it's fine, just double miscast at 11%
  3244 | D:4      | just normal spellcaster things
  3274 | D:4      | HP: 3/41 [ice beast (13)]
  3322 | D:4      | Reached skill level 6 in Air Magic
  3666 | D:5      | Found a staircase to the Ecumenical Temple.
  3678 | Temple   | Entered the Ecumenical Temple
  3697 | Temple   | Became a worshipper of Vehumet
  4255 | D:6      | Reached skill level 7 in Air Magic
  4572 | D:5      | HP: 6/41 [orc/hand axe (6)]
  4802 | D:6      | Ouch! That really hurt!
  4823 | D:6      | Reached XP level 8. HP: 14/46 MP: 0/11
  4839 | D:5      | Reached * piety under Vehumet
  4839 | D:5      | Offered knowledge of Sandblast by Vehumet.
  5096 | D:6      | Reached skill level 3 in Spellcasting
  5258 | D:6      | Reached skill level 4 in Conjurations
  5390 | D:6      | Found a hazy altar of Hepliaklqana.
  5639 | D:6      | Reached skill level 8 in Air Magic
  5639 | D:6      | Reached XP level 9. HP: 44/51 MP: 1/14
  5715 | D:7      | Reached skill level 4 in Spellcasting
  5861 | D:7      | Got a crude flail
  5862 | D:7      | Identified the +5 flail of Truncation {speed, rElec} (You found it on level 7 of the Dungeon)
  5920 | D:7      | Reached skill level 1 in Fighting
  5920 | D:7      | Reached skill level 5 in Conjurations
  5992 | D:7      | Noticed Sigmund
  6041 | D:7      | Killed Sigmund
  6041 | D:7      | Reached skill level 2 in Fighting
  6052 | D:7      | Reached ** piety under Vehumet
  6127 | D:7      | Offered knowledge of Sting by Vehumet.
  6304 | D:7      | Reached skill level 3 in Fighting
  6465 | D:8      | Reached skill level 9 in Air Magic
  6604 | D:8      | Reached skill level 6 in Conjurations
  6690 | D:8      | Reached XP level 10. HP: 63/63 MP: 7/16
  6867 | D:8      | Learned a level 5 spell: Lightning Bolt
  6867 | D:8      | wiz ring, finally something nice
  6867 | D:8      | i mean this flail is not terribad either for early game, i guess
  6896 | D:8      | Noticed a two-headed ogre
  6989 | D:8      | HP: 7/63 [two-headed ogre/giant spiked club (19)]
  7311 | D:9      | Found an ornate altar of the Wu Jian Council.
  7415 | D:9      | Found a staircase to the Lair.
  7422 | D:9      | Reached skill level 4 in Fighting
  7513 | D:9      | >orc warrior appears unharmed
  7513 | D:9      | L E V E L 5
  7621 | D:9      | Reached skill level 5 in Spellcasting
  7648 | D:9      | Offered knowledge of Throw Frost by Vehumet.
  7819 | D:9      | you know lightning bolt is not the best spell around
  7819 | D:9      | if one use of shock did more damage than two bounces of lightning bolt
  7819 | D:9      | one fucking use of fucking shock
  7948 | D:9      | Reached *** piety under Vehumet
  7951 | D:9      | i'm starting to think you're supposed to worship tso with this crap
  7951 | D:9      | for bonus to-hit from halo
  8009 | D:10     | Entered Level 10 of the Dungeon
  8103 | D:11     | Found a bloodstained altar of Trog.
  8116 | D:10     | HP: 11/64 [polar bear (6)]
  8121 | D:10     | lol
  8379 | D:10     | Noticed a two-headed ogre
  8398 | D:10     | Killed a two-headed ogre
  8398 | D:10     | Reached skill level 3 in Dodging
  8781 | D:10     | Found a staircase to the Orcish Mines.
  8907 | D:10     | Reached skill level 10 in Air Magic
  9018 | D:11     | Offered knowledge of Stone Arrow by Vehumet.
  9036 | D:11     | it's impressive how bad it is
  9041 | D:10     | Reached skill level 7 in Conjurations
  9114 | Lair:1   | Entered Level 1 of the Lair of Beasts
  9133 | Lair:1   | Noticed a spiny frog
  9146 | Lair:1   | HP: 12/65 [spiny frog (17)]
  9148 | Lair:1   | Quit the game

Vault maps used:
D:1:      tarquinn_simple_flora_water_d
D:2:      uniq_natasha
D:3:      uniq_terence
D:5:      temple_statues, first_ration, serial_glass, glass_columns_a,
          glass_columns_b, minmay_strange_pillars, due_unseen_surprise,
          minmay_strange_pillars, feat_on_display
D:6:      basic_altar, grunt_decor_one_mirror, minmay_lizard_king
D:7:      grunt_ogre_cave, minmay_misc_feat_enclosed, sigmund_army
D:9:      kennysheep_mini_moat, minmay_lair_entry_lava, uniq_erolcha
D:10:     orc_0_dummy, serial_bayou_pond_e, minmay_misc_feat_room
D:11:     trog_ov_bears_minmay
Temple:   compressed_dpeg_circular_temple
Lair:1:   st_stairs_10, uniq_fannar

Skill      XL: |  1  2  3  4  5  6  7  8  9 10 |
---------------+-------------------------------+-----
Conjurations   | 1 2 3 4 6 7 |  7.0
Air Magic      | 4 5 7 8 9 10 | 10.0
Spellcasting   | 2 3 4 5 |  5.1
Fighting       | 3 4 |  4.8
Dodging        | 3 |  3.6
Stealth        | |  2.1

Action                   |  1- 3 |  4- 6 |  7- 9 | 10-12 || total
-------------------------+-------+-------+-------+-------++-------
Melee: Dagger            |    19 |       |       |     1 ||    20
       Spear             |    10 |   137 |    98 |       ||   245
       Flail             |       |       |     9 |    65 ||    74
 Cast: Shock             |    34 |    68 |   169 |    94 ||   365
       Static Discharge  |     2 |    19 |    11 |     1 ||    33
       Airstrike         |       |       |    23 |    17 ||    40
       Lightning Bolt    |       |       |       |    18 ||    18
Evoke: Wand              |       |       |     6 |     3 ||     9
  Use: Potion            |     1 |     1 |     1 |     1 ||     4
       Scroll            |       |     6 |    10 |     6 ||    22
 Stab: Sleeping          |     1 |     4 |     2 |     2 ||     9
  Eat: Chunk             |       |    14 |    12 |     8 ||    34
       Ration            |       |       |     3 |     2 ||     5
Armor: Robe              |    19 |    19 |    27 |    19 ||    84
       Skin              |       |     7 |       |       ||     7
Dodge: Dodged            |    69 |   136 |   135 |    54 ||   394
Block: Other             |       |       |     9 |    17 ||    26
       Reflection        |       |       |       |     1 ||     1

Table legend:
 A = Spawn XP
 B = Non-spawn XP
 C = Spawn XP percentage of total XP
 D = Spawn monster count
 E = Non-spawn monster count
 F = Spawn count percentage of total count
 G = Total turns spent on level
                    A         B        C        D         E        F      G
               +---------+---------+-------+---------+---------+-------+---------
         Total |       0 |    7525 |   0.0 |       0 |     209 |   0.0 |  9148
               +---------+---------+-------+---------+---------+-------+---------
           D:1 |       0 |      37 |   0.0 |       0 |      20 |   0.0 |   756
           D:2 |       0 |     124 |   0.0 |       0 |      16 |   0.0 |   855
           D:3 |       0 |     135 |   0.0 |       0 |      19 |   0.0 |   996
           D:4 |       0 |     363 |   0.0 |       0 |      14 |   0.0 |   930
           D:5 |       0 |     170 |   0.0 |       0 |       8 |   0.0 |   914
           D:6 |       0 |    1025 |   0.0 |       0 |      37 |   0.0 |  1175
           D:7 |       0 |    1552 |   0.0 |       0 |      29 |   0.0 |   727
           D:8 |       0 |     761 |   0.0 |       0 |      13 |   0.0 |   896
           D:9 |       0 |     990 |   0.0 |       0 |      22 |   0.0 |   755
          D:10 |       0 |    2146 |   0.0 |       0 |      22 |   0.0 |  1029
          D:11 |       0 |     222 |   0.0 |       0 |       9 |   0.0 |    51
               +---------+---------+-------+---------+---------+-------+---------
